 Dungeon Crawl Stone Soup version 0.31-a0-303-gdc8c9485ea (webtiles) character file.

Game seed: 16539877424632871131

275 Sabo the Chopper (level 6, -4/40 (49) HPs)
             Began as a Formicid Monk on July 16, 2023.
             Was an Initiate of Ashenzari.
             Slain by Edmund
             ... wielding a +4 flail of draining
              (6 damage)
             ... on level 4 of the Dungeon.
             The game lasted 00:19:51 (2814 turns).

Sabo the Chopper (Formicid Monk)                    Turns: 2814, Time: 00:19:52

HP:   -4/40 (49)    AC:  9    Str: 18    XL:     6   Next: 49%
MP:   6/6           EV:  9    Int:  9    God:    Ashenzari [......]
Gold: 185           SH:  0    Dex: 16    Spells: 5/5 levels left

rFire   . . .        g - +0 war axe
rCold   . . .        d - orb of the Chained Sage {light, Comp, Self} (curse)
rNeg    . . .        h - +0 chain mail
rPois   .            (helmet unavailable)
rElec   .            (no cloak)
rCorr   .            l - +0 pair of gloves
SInv    +            (no boots)
Will    .....        (no amulet) Stlth
                     (no ring)
HPRegen 0.26/turn    (no ring)
MPRegen 0.10/turn

%: no passive effects
@: confused, ambrosia-drunk, glowing, heavily drained
A: permanent stasis, dig shafts and tunnels, antennae 3, four strong arms
a: Dig, Shaft Self, Renounce Religion, Curse Item, Shatter the Chains


You were on level 4 of the Dungeon.
You worshipped Ashenzari.
Ashenzari was noncommittal.
You visited 1 branch of the dungeon, and saw 4 of its levels.

You collected 185 gold pieces.

Inventory:

Hand Weapons
 a - a +1 short sword of flaming
 g - a +0 war axe (weapon)
 i - a +1 sling of freezing
 o - a +0 war axe of distortion
Missiles
 f - a boomerang (quivered)
 m - 2 javelins
Armour
 d - the cursed orb of the Chained Sage (worn) {light, Comp, Self}

   It has a curse which improves the following skills: Companions: Summonings
   and Necromancy.
   Introspection: Fighting and Spellcasting.
 h - a +0 chain mail (worn)
 l - a +0 pair of gloves (worn)
Wands
 j - a wand of flame (8)
Scrolls
 e - a scroll of summoning
Potions
 b - a potion of attraction {unknown}
 k - a potion of curing {unknown}
 n - 2 potions of magic


   Skills:
 + Level 4.3(4.7) Fighting
 + Level 4.4 Axes
 + Level 2.1 Ranged Weapons
 + Level 2.0 Throwing
 + Level 1.8 Armour
 + Level 3.2 Dodging
 + Level 0.4 Stealth


You had 5 spell levels left.
You didn't know any spells.
Your spell library contained the following spells:

 Spells                   Type           Power      Damage    Failure   Level
 Slow                     Hex            0%         N/A       99%         1
 Confusing Touch          Hex            0%         N/A       100%        3
 Vampiric Draining        Necr           0%         2d6       100%        3


Dungeon Overview and Level Annotations

Branches:
Dungeon (4/15)
 Temple: D:4-7

Altars:
Ashenzari

Annotations:
D:4 Edmund


Innate Abilities, Weirdness & Mutations

You cannot be hasted, slowed, berserked, paralysed or teleported.
You can dig through walls and to a lower floor.
You have a pair of large antennae on your head. (SInv)
Your four strong arms can wield two-handed weapons with a shield.


Message History

Edmund barely misses you.
You hit Edmund but do no damage.
Edmund is moderately wounded.
Edmund hits you with a +4 flail of draining.
You feel drained.
Edmund zaps a wand.
The puff of flame hits you.
You barely miss Edmund.
Edmund is moderately wounded.
Edmund closely misses you.
You hit Edmund but do no damage.
Edmund is moderately wounded.
Edmund hits you with a +4 flail of draining!
You feel drained.
You hit Edmund but do no damage.
Edmund is moderately wounded.
Edmund zaps a wand.
The puff of flame hits you!
Edmund hits you with a +4 flail of draining.
* * * LOW HITPOINT WARNING * * *
You feel drained.
* * * LOW HITPOINT WARNING * * *
Unknown command.
You are confused.
You feel invigorated.
Edmund hits you with a +4 flail of draining!
* * * LOW HITPOINT WARNING * * *
You feel drained.
Edmund zaps a wand.
The puff of flame hits you.
* * * LOW HITPOINT WARNING * * *
Edmund hits you but does no damage.
You feel drained.
Edmund zaps a wand.
The puff of flame hits you!
* * * LOW HITPOINT WARNING * * *
You bump into the rock wall.
Edmund zaps a wand.
The puff of flame hits you!
* * * LOW HITPOINT WARNING * * *
You bump into the rock wall.
Edmund hits you with a +4 flail of draining.
* * * LOW HITPOINT WARNING * * *
You feel drained.
* * * LOW HITPOINT WARNING * * *
Edmund attacks as you move away!
Edmund hits you with a +4 flail of draining.
You die...

##.. ...#.... #... #
....... ..< ####.
###...... ##..#.
...####........ .....
......##....... #..#
#............ ##..##
#..........
#....######..........
##.@@#..##...........
##......#........#.#
##....##........#..
#<...........####.
#.......#...## ##
##...#####..# # #####
#.## # ### # #


You could see Edmund.

Vanquished Creatures
  A phantom (D:4)
  A jelly (D:4)
  Jessica (D:2)
  Ijyb (D:3)
  Terence (D:2)
  An adder (D:2)
  3 worms (D:2)
  6 orcs (D:3)
  7 ball pythons
  7 endoplasms
  2 giant cockroaches
  4 goblins
  6 hobgoblins
  3 jackals (D:1)
  3 quokkas (D:1)
  5 bats
  4 frilled lizards
  10 kobolds
  4 rats
70 creatures vanquished.

Notes
Turn   | Place    | Note
-------+----------+-------------------------------------------
     0 | D:1      | Sabo the Formicid Monk began the quest for the Orb.
     0 | D:1      | Reached XP level 1. HP: 18/18 MP: 1/1
    54 | D:1      | Found a faded altar of an unknown god.
   300 | D:1      | Reached XP level 2. HP: 23/24 MP: 2/2
   786 | D:1      | Reached XP level 3. HP: 28/29 MP: 3/3
  1248 | D:2      | Noticed Terence
  1253 | D:2      | Killed Terence
  1254 | D:2      | Reached skill level 1 in Ranged Weapons
  1254 | D:2      | Reached XP level 4. HP: 28/37 MP: 4/4
  1417 | D:2      | Noticed Jessica
  1422 | D:2      | Killed Jessica
  1423 | D:2      | Reached XP level 5. HP: 42/42 MP: 5/5
  1557 | D:2      | Found a broken altar of Ashenzari.
  1569 | D:2      | Became a worshipper of Ashenzari the Shackled
  1719 | D:2      | Reached skill level 1 in Armour
  2051 | D:3      | Reached skill level 1 in Throwing
  2054 | D:3      | Noticed Ijyb
  2067 | D:3      | Killed Ijyb
  2683 | D:4      | Reached XP level 6. HP: 43/49 MP: 6/6
  2798 | D:4      | Noticed Edmund
  2813 | D:4      | HP: 2/40 [Edmund/+4 flail of draining (2)]
  2814 | D:4      | Slain by Edmund

Illustrated notes

Levels and vault maps discovered:
D:1:      dpeg_arrival_round_a, layout_loops_ring, basic_ecumenical_altar,
          hangedman_decor_opposing, serial_bayou_pond_d
D:2:      layout_basic, basic_altar, serial_bayou_pond_a, uniq_jessica,
          uniq_terence
D:3:      layout_rooms, uniq_ijyb
D:4:      layout_cave_pools, kennysheep_mini_moat, overflow_temple_1_default,
          kennysheep_generic_room_11, uniq_edmund

Skill      XL: |  1  2  3  4  5  6 |
---------------+-------------------+-----
Dodging        | 3 |  3.2
Ranged Weapons | 1 2 |  2.1
Fighting       | 4 |  4.3
Armour         | 1 |  1.8
Throwing       | 1 2 |  2.0
Axes           | 4 |  4.4
Stealth        | |  0.4

Action                     |  1- 3 |  4- 6 || total
---------------------------+-------+-------++-------
  Melee: Hand axe          |    70 |       ||    70
         War axe           |     4 |    73 ||    77
   Fire: Sling             |    25 |       ||    25
  Throw: Boomerang         |     9 |    53 ||    62
 Invoke: Curse Item        |       |     1 ||     1
    Use: Scroll            |       |     5 ||     5
         Potion            |       |     1 ||     1
 Armour: Robe              |     7 |       ||     7
         Leather armour    |    19 |       ||    19
         Ring mail         |     2 |     3 ||     5
         Chain mail        |       |    13 ||    13
  Dodge: Dodged            |    57 |    37 ||    94

Table legend: (Time is in decaauts)
 A = Elapsed time spent in this place.
 B = Non-inter-level travel time spent in this place.
 C = Inter-level travel time spent in this place.
 D = Time resting spent in this place.
 E = Time spent auto-exploring this place.
 F = Levels seen in this place.
 G = Mean time per level.
                   A        B        C        D        E       F      G
               +--------+--------+--------+--------+--------+-----+--------+
         Total |   2877 |   2877 |      0 |    424 |      0 |   4 |  719.2 |
       Dungeon |   2877 |   2877 |      0 |    424 |      0 |   4 |  719.2 |
               +--------+--------+--------+--------+--------+-----+--------+

Top non-repeatable levels by time:
     D:1: 1056 daAuts
     D:2: 940 daAuts
     D:3: 709 daAuts
     D:4: 171 daAuts
